[Event "Bundesliga-Heidelberg"]
[Site "Heidelberg/Germany"]
[Date "2009.12.12"]
[Round "5.5"]
[White "Braun"]
[Black "Gerigk"]
[Result "1/2-1/2"]
[ECO "E11"]
[WhiteElo "2519"]
[BlackElo "2335"]
[Annotator "Robot 4"]
[PlyCount "113"]
[EventDate "2009.??.??"]
[WhiteTeam "EPP"]
[BlackTeam "HDS"]
[TimeControl "40/6000+30:20/3000+30:900+30"]

1. d4 Nf6 2. c4 e6 3. Nf3 Bb4+ 4. Bd2 c5 5. Bxb4 cxb4 6. g3 O-O 7. Bg2 d6 8.
O-O a5 9. Qd3 Qe7 10. Nbd2 b6 11. Ne1 Bb7 12. Bxb7 Qxb7 13. Nc2 Nc6 14. a3 bxa3
15. bxa3 e5 16. Rab1 Qc7 17. e3 Rfe8 18. Rb2 e4 19. Qe2 Nb8 20. Rfb1 Nbd7 21.
g4 h6 22. Rb5 Rac8 23. Ne1 Qc6 24. h4 h5 25. g5 Ng4 26. Ng2 d5 27. Rxd5 Qc7 28.
Nf1 Nf8 29. c5 bxc5 30. Rxc5 Qd6 31. Rxa5 Rc3 32. Ra6 Qc7 33. Qb5 Rc8 34. Nf4
Rc1 35. Rxc1 Qxc1 36. Ra7 Qe1 37. Qe2 Qxe2 38. Nxe2 Rc2 39. Nfg3 Ng6 40. d5 Rd2
41. Nd4 Nxh4 42. d6 Nf3+ 43. Nxf3 exf3 44. d7 Kh7 45. d8=Q Rxd8 46. Rxf7 Rd1+
47. Nf1 Kg6 48. Rxf3 Kxg5 49. Kg2 h4 50. Rf4 Kh5 51. Rf5+ Kg6 52. Rf4 Kh5 53.
a4 g5 54. Rd4 Ra1 55. Nd2 Ra2 56. e4 Ra3 57. f3 1/2-1/2

[Event "Bundesliga-Heidelberg"]
[Site "Heidelberg/Germany"]
[Date "2009.12.12"]
[Round "5.6"]
[White "Maier"]
[Black "Bindrich"]
[Result "0-1"]
[ECO "B55"]
[WhiteElo "2350"]
[BlackElo "2516"]
[Annotator "Robot 4"]
[PlyCount "40"]
[EventDate "2009.??.??"]
[WhiteTeam "HDS"]
[BlackTeam "EPP"]
[TimeControl "40/6000+30:20/3000+30:900+30"]

1. e4 c5 2. Nf3 d6 3. d4 cxd4 4. Nxd4 Nf6 5. f3 e5 6. Bb5+ Nbd7 7. Nf5 d5 8.
exd5 a6 9. Bxd7+ Bxd7 10. Ng3 Bc5 11. Nc3 O-O 12. Qd3 e4 13. Ngxe4 Nxe4 14.
fxe4 f5 15. e5 f4 16. h4 Bg4 17. Qe4 Qb6 18. Rf1 Be7 19. d6 Bxh4+ 20. Kd2 Qe3+
0-1

[Event "Bundesliga-Erfurt"]
[Site "Erfurt/Germany"]
[Date "2009.12.12"]
[Round "5.2"]
[White "Michiels"]
[Black "Buhmann"]
[Result "0-1"]
[ECO "C48"]
[WhiteElo "2451"]
[BlackElo "2603"]
[Annotator "Robot 4"]
[PlyCount "144"]
[EventDate "2009.??.??"]
[WhiteTeam "ERF"]
[BlackTeam "SOL"]
[TimeControl "40/6000+30:20/3000+30:900+30"]

1. e4 e5 2. Nf3 Nc6 3. Nc3 Nf6 4. Bb5 Nd4 5. Nxd4 exd4 6. e5 dxc3 7. exf6 Qxf6
8. dxc3 Qe5+ 9. Qe2 Qxe2+ 10. Bxe2 d5 11. Bf4 c6 12. c4 Be6 13. cxd5 Bxd5 14.
O-O Bc5 15. Rfe1 O-O 16. Bd3 Rfe8 17. Be5 a5 18. a3 b5 19. Kf1 f6 20. Bc3 Rxe1+
21. Bxe1 Bd4 22. c3 Be5 23. Rd1 Bb3 24. Rb1 Rd8 25. Be2 a4 26. g3 g5 27. f3 Kf7
28. Bf2 f5 29. Ke1 f4 30. g4 h5 31. gxh5 Rh8 32. Kf1 Rxh5 33. Kg2 Rh8 34. Re1
Bf6 35. Rh1 Rd8 36. Be1 Be6 37. h3 Be7 38. Kf1 Rh8 39. Kg2 Bf6 40. Bf2 Bb3 41.
Kf1 Rd8 42. Be1 c5 43. Bxb5 Rb8 44. Bd3 Bd5 45. Rh2 Bxf3 46. Rf2 Bc6 47. Bc4+
Kg6 48. Rd2 Be4 49. Bf2 Bf5 50. Kg2 Rh8 51. Bd3 c4 52. Bxf5+ Kxf5 53. Bd4 Rd8
54. Kf3 Be5 55. Rd1 Rd7 56. Rd2 Rh7 57. Kg2 f3+ 58. Kf2 Bf4 59. Be3 Bxe3+ 60.
Kxe3 Rxh3 61. Rd4 g4 62. Rxc4 Rh2 63. Rf4+ Kg5 64. Rf8 Re2+ 65. Kd3 Rxb2 66.
Ke3 Re2+ 67. Kd3 Re6 68. c4 Rf6 69. Rg8+ Kf4 70. c5 f2 71. Ke2 Kg3 72. Kf1 Re6
0-1

[Event "Bundesliga-Erfurt"]
[Site "Erfurt/Germany"]
[Date "2009.12.12"]
[Round "5.1"]
[White "Nikolic"]
[Black "Romanov"]
[Result "1/2-1/2"]
[ECO "A07"]
[WhiteElo "2602"]
[BlackElo "2589"]
[Annotator "Robot 4"]
[PlyCount "102"]
[EventDate "2009.??.??"]
[WhiteTeam "SOL"]
[BlackTeam "ERF"]
[TimeControl "40/6000+30:20/3000+30:900+30"]

1. Nf3 d5 2. g3 c6 3. Bg2 Bg4 4. O-O Nd7 5. c4 Bxf3 6. Bxf3 Ne5 7. Qb3 Qb6 8.
cxd5 Qxb3 9. axb3 Nxf3+ 10. exf3 cxd5 11. d3 e6 12. Be3 Ne7 13. b4 d4 14. Bxd4
Nc6 15. Bc3 Nxb4 16. Na3 Nd5 17. Nc4 f6 18. Ne3 Nc7 19. f4 Nb5 20. d4 Rd8 21.
Rfd1 Kf7 22. f5 exf5 23. Nxf5 Rd7 24. Kf1 g6 25. Ne3 Bh6 26. f4 Rc8 27. Rd3 Bf8
28. Ke2 Bd6 29. Rad1 Bc7 30. Bb4 a5 31. Bc5 b6 32. Ba3 Bb8 33. Kf2 Ba7 34. Kf3
Rcd8 35. d5 Rc8 36. Rb3 Nxa3 37. Rxa3 Rc5 38. Rdd3 Bb8 39. Rdb3 Bc7 40. Ra1 b5
41. Rd3 Bb6 42. Rad1 Rc8 43. d6 Re8 44. Nc2 b4 45. Rd5 Re6 46. R1d3 f5 47. h3
h5 48. b3 Kf6 49. g4 hxg4+ 50. hxg4 fxg4+ 51. Kxg4 Re2 1/2-1/2

[Event "Bundesliga-Erfurt"]
[Site "Erfurt/Germany"]
[Date "2009.12.12"]
[Round "5.5"]
[White "Ernst"]
[Black "Enders"]
[Result "1-0"]
[ECO "E92"]
[WhiteElo "2598"]
[BlackElo "2467"]
[Annotator "Robot 4"]
[PlyCount "67"]
[EventDate "2009.??.??"]
[WhiteTeam "SOL"]
[BlackTeam "ERF"]
[TimeControl "40/6000+30:20/3000+30:900+30"]

1. d4 Nf6 2. c4 g6 3. Nc3 Bg7 4. e4 d6 5. Nf3 O-O 6. Be2 e5 7. Be3 Ng4 8. Bg5
f6 9. Bc1 exd4 10. Nxd4 f5 11. h3 Nh6 12. Bxh6 Bxh6 13. exf5 gxf5 14. O-O Nc6
15. Nxc6 bxc6 16. Bf3 Rb8 17. Rb1 c5 18. Re1 Kh8 19. Nd5 Bg7 20. Qa4 Bb7 21.
Re2 a6 22. Qa5 c6 23. Qxd8 Rbxd8 24. Nf4 Rfe8 25. Ne6 Rd7 26. Rd1 Ree7 27. Nxc5
Rxe2 28. Bxe2 Re7 29. Rxd6 Bxb2 30. Bd3 Kg7 31. Ne6+ Kf6 32. Nd4+ Kg5 33. Nf3+
Kf4 34. Rh6 1-0

[Event "Bundesliga-Erfurt"]
[Site "Erfurt/Germany"]
[Date "2009.12.12"]
[Round "5.3"]
[White "Edouard"]
[Black "Casper"]
[Result "0-1"]
[ECO "E61"]
[WhiteElo "2597"]
[BlackElo "2395"]
[Annotator "Robot 4"]
[PlyCount "120"]
[EventDate "2009.??.??"]
[WhiteTeam "SOL"]
[BlackTeam "ERF"]
[TimeControl "40/6000+30:20/3000+30:900+30"]

1. d4 Nf6 2. c4 d6 3. Nc3 Nbd7 4. e4 e5 5. Nf3 g6 6. Be3 Bg7 7. d5 Nc5 8. Qc2
a5 9. Be2 O-O 10. Nd2 Ne8 11. g4 f5 12. gxf5 gxf5 13. Rg1 f4 14. Bxc5 dxc5 15.
Bg4 Kh8 16. Bxc8 Rxc8 17. Nf3 Bf6 18. O-O-O Nd6 19. Qd3 Qd7 20. Nd2 Rg8 21. Qf3
Rg6 22. Rxg6 hxg6 23. Rg1 Rg8 24. Qg2 g5 25. h3 Rg7 26. Qg4 Qxg4 27. hxg4 Rh7
28. Kd1 Rh3 29. Ke2 Kg7 30. Nb5 Bd8 31. Rc1 Kf6 32. Nxd6 cxd6 33. Nf1 Ke7 34.
f3 Kd7 35. Kf2 Bc7 36. Kg2 Rh8 37. Nd2 a4 38. Nb1 Ba5 39. Na3 Bd2 40. Rc2 Be3
41. Nb5 Bd4 42. Rd2 b6 43. Rc2 Rh6 44. b3 Rh8 45. bxa4 Ra8 46. a5 bxa5 47. Rc1
Rh8 48. Rb1 Be3 49. Na7 Kc7 50. Nc6 a4 51. Ne7 Bd2 52. Nf5 Bb4 53. Ng7 Rg8 54.
Ne6+ Kb6 55. a3 Ka5 56. Nc7 Rb8 57. Nb5 Bxa3 58. Ra1 Bb2 59. Ra2 Rxb5 60. cxb5
a3 0-1

[Event "Bundesliga-Erfurt"]
[Site "Erfurt/Germany"]
[Date "2009.12.12"]
[Round "5.6"]
[White "Schoene"]
[Black "Naumann"]
[Result "0-1"]
[ECO "B90"]
[WhiteElo "2274"]
[BlackElo "2522"]
[Annotator "Robot 4"]
[PlyCount "78"]
[EventDate "2009.??.??"]
[WhiteTeam "ERF"]
[BlackTeam "SOL"]
[TimeControl "40/6000+30:20/3000+30:900+30"]

1. e4 c5 2. Nf3 d6 3. d4 cxd4 4. Nxd4 Nf6 5. Nc3 a6 6. Be3 Ng4 7. Bg5 h6 8. Bh4
g5 9. Bg3 Bg7 10. Be2 h5 11. Bxg4 hxg4 12. Qd2 Nc6 13. Nf5 Bxf5 14. exf5 Qa5
15. Nd5 Bxb2 16. Rb1 Bd4 17. Qxa5 Nxa5 18. Nc7+ Kd7 19. Nxa8 Rxa8 20. Kd1 Bc3
21. h4 gxh3 22. Rxh3 Rc8 23. Bh2 b5 24. f4 g4 25. Rd3 Rc4 26. g3 Bd4 27. a3 Bc5
28. Kd2 Re4 29. a4 Nc4+ 30. Kc3 Na3 31. Rc1 Rxa4 32. Bg1 Bxg1 33. Rxg1 Rc4+ 34.
Kb2 Nxc2 35. Rc3 Nd4 36. Rxc4 bxc4 37. Ra1 Nxf5 38. Rxa6 Nxg3 39. Kc3 Ne2+ 0-1

[Event "Bundesliga-Erfurt"]
[Site "Erfurt/Germany"]
[Date "2009.12.12"]
[Round "5.8"]
[White "Brueggemann"]
[Black "Gabriel"]
[Result "1/2-1/2"]
[ECO "C95"]
[WhiteElo "2356"]
[BlackElo "2507"]
[Annotator "Robot 4"]
[PlyCount "70"]
[EventDate "2009.??.??"]
[WhiteTeam "ERF"]
[BlackTeam "SOL"]
[TimeControl "40/6000+30:20/3000+30:900+30"]

1. e4 e5 2. Nf3 Nc6 3. Bb5 a6 4. Ba4 Nf6 5. O-O Be7 6. Re1 b5 7. Bb3 d6 8. c3
O-O 9. h3 Nb8 10. d4 Nbd7 11. Nbd2 Bb7 12. Bc2 Re8 13. Nf1 Bf8 14. Ng3 g6 15.
b3 c6 16. Bg5 Bg7 17. Qd2 Qc7 18. Rad1 Nf8 19. dxe5 dxe5 20. Qd6 Qxd6 21. Rxd6
Re6 22. Red1 Rxd6 23. Rxd6 Ne8 24. Rd1 Ne6 25. b4 h6 26. Be7 Bc8 27. Bb3 Ra7
28. Bd8 Rd7 29. Rxd7 Bxd7 30. Bb6 Nd6 31. a3 Kf8 32. Nd2 Ke7 33. f3 Bf6 34.
Ngf1 Bg5 35. Kf2 Nc8 1/2-1/2

[Event "Bundesliga-Erfurt"]
[Site "Erfurt/Germany"]
[Date "2009.12.12"]
[Round "5.7"]
[White "Hoffmann"]
[Black "Troyke"]
[Result "1-0"]
[ECO "E69"]
[WhiteElo "2502"]
[BlackElo "2350"]
[Annotator "Robot 4"]
[PlyCount "69"]
[EventDate "2009.??.??"]
[WhiteTeam "SOL"]
[BlackTeam "ERF"]
[TimeControl "40/6000+30:20/3000+30:900+30"]

1. d4 Nf6 2. c4 g6 3. Nc3 Bg7 4. g3 O-O 5. Bg2 d6 6. Nf3 Nbd7 7. O-O e5 8. h3
c6 9. e4 Ne8 10. Bg5 f6 11. Be3 f5 12. exf5 gxf5 13. Bg5 Bf6 14. Bxf6 Qxf6 15.
dxe5 dxe5 16. Qe2 Ng7 17. Rad1 Re8 18. Rd2 e4 19. Nd4 Ne5 20. Rfd1 Ne6 21. b3
Nxd4 22. Rxd4 Be6 23. Qe3 Bf7 24. g4 Qg7 25. Qg3 c5 26. Rd6 Nf3+ 27. Bxf3 Qxc3
28. gxf5+ Kh8 29. Bg2 e3 30. Kh2 Qb2 31. fxe3 Rg8 32. R1d2 Rxg3 33. Rxb2 Rxe3
34. Rd7 Bh5 35. Rf2 1-0

[Event "Bundesliga-Tegel"]
[Site "Berlin-Tegel/Germany"]
[Date "2009.12.12"]
[Round "5"]
[White "Stern"]
[Black "Fridman"]
[Result "0-1"]
[ECO "D46"]
[WhiteElo "2501"]
[BlackElo "2661"]
[Annotator "Robot 4"]
[PlyCount "112"]
[EventDate "2009.??.??"]
[WhiteTeam "TEG"]
[BlackTeam "MUL"]
[TimeControl "40/6000+30:20/3000+30:900+30"]

1. d4 d5 2. c4 e6 3. Nc3 c6 4. e3 Nf6 5. Nf3 Nbd7 6. Qc2 Bd6 7. Bd3 O-O 8. O-O
dxc4 9. Bxc4 a6 10. Rd1 b5 11. Be2 Qc7 12. Bd2 c5 13. dxc5 Qxc5 14. Rac1 Bb7
15. Be1 Qb6 16. a4 b4 17. a5 Qc5 18. Na4 Qxc2 19. Rxc2 Bd5 20. Nd2 Rfc8 21.
Rdc1 Rxc2 22. Rxc2 b3 23. Rc1 Bb4 24. Nf3 Bd6 25. Nd4 Ne4 26. Bf3 Rb8 27. Nc3
Nxc3 28. Rxc3 Bb4 29. Rc1 Bxe1 30. Rxe1 Bxf3 31. gxf3 e5 32. Nc6 Rb7 33. Rd1
Kf8 34. Kg2 Ke8 35. Rd5 f6 36. Kg3 Rc7 37. Rd6 Nc5 38. Nb4 Ke7 39. Rb6 Rb7 40.
Rxb7+ Nxb7 41. Nxa6 Kd6 42. Nb4 Nxa5 43. Nd3 Kd5 44. Nc1 Kc4 45. f4 Nc6 46. Kf3
exf4 47. Kxf4 Nb4 48. Kf5 Nd3 49. Nxb3 Kxb3 50. f4 Nxb2 51. Ke6 Kc4 52. Kf7 f5
53. Kxg7 Kd3 54. Kxh7 Kxe3 55. h4 Kxf4 56. h5 Ke5 0-1

[Event "Bundesliga-Tegel"]
[Site "Berlin-Tegel/Germany"]
[Date "2009.12.12"]
[Round "5"]
[White "Landa"]
[Black "Rabiega"]
[Result "1-0"]
[ECO "D23"]
[WhiteElo "2655"]
[BlackElo "2531"]
[Annotator "Robot 4"]
[PlyCount "97"]
[EventDate "2009.??.??"]
[WhiteTeam "MUL"]
[BlackTeam "TEG"]
[TimeControl "40/6000+30:20/3000+30:900+30"]

1. d4 d5 2. c4 Nc6 3. Nc3 dxc4 4. Nf3 Nf6 5. Qa4 Nd7 6. Qxc4 Nb6 7. Qb3 Bg4 8.
d5 Bxf3 9. gxf3 Nd4 10. Qd1 e5 11. e3 Nf5 12. Rg1 g6 13. Bb5+ Nd7 14. Ne4 Be7
15. Qa4 a6 16. Bxd7+ Qxd7 17. Qxd7+ Kxd7 18. Bd2 Nh4 19. Ke2 f5 20. Ng5 Bxg5
21. Rxg5 Rae8 22. e4 h6 23. Rgg1 g5 24. Rac1 Rhg8 25. Rc4 g4 26. fxg4 Rxg4 27.
Rxg4 fxg4 28. Bxh6 Nf3 29. Be3 Rh8 30. Rc1 Rxh2 31. b4 Kd8 32. a4 Kd7 33. b5
axb5 34. axb5 b6 35. Rc6 Rh1 36. Rg6 Re1+ 37. Kd3 Rd1+ 38. Kc2 Rg1 39. Kc3 Ke7
40. Rg7+ Kd6 41. Kc4 Rg2 42. Bc1 Nh4 43. Be3 Rg1 44. Bg5 Ra1 45. Be3 Nf3 46.
Bg5 Rg1 47. Bd2 Nh4 48. Be3 Nf3 49. Kc3 1-0

[Event "Bundesliga-Tegel"]
[Site "Berlin-Tegel/Germany"]
[Date "2009.12.12"]
[Round "5"]
[White "Hausrath"]
[Black "Muse"]
[Result "1/2-1/2"]
[ECO "B07"]
[WhiteElo "2528"]
[BlackElo "2367"]
[Annotator "Robot 4"]
[PlyCount "48"]
[EventDate "2009.??.??"]
[WhiteTeam "MUL"]
[BlackTeam "TEG"]
[TimeControl "40/6000+30:20/3000+30:900+30"]

1. Nf3 g6 2. g3 Bg7 3. d4 Nf6 4. Bg2 O-O 5. O-O d6 6. Re1 Nbd7 7. e4 e5 8. Nc3
c6 9. a4 a5 10. b3 Re8 11. Ba3 Bf8 12. Qd2 Qc7 13. Rad1 Nb6 14. h3 Bd7 15. dxe5
dxe5 16. Bxf8 Kxf8 17. Qe3 Kg7 18. Qc5 Nc8 19. Nd5 Nxd5 20. exd5 f6 21. d6 Qb6
22. Qc3 Qb4 23. Qxb4 axb4 24. Re4 c5 1/2-1/2

[Event "Bundesliga-Tegel"]
[Site "Berlin-Tegel/Germany"]
[Date "2009.12.12"]
[Round "5"]
[White "Sarbok"]
[Black "Saltaev"]
[Result "0-1"]
[ECO "B13"]
[WhiteElo "2319"]
[BlackElo "2492"]
[Annotator "Robot 4"]
[PlyCount "62"]
[EventDate "2009.??.??"]
[WhiteTeam "TEG"]
[BlackTeam "MUL"]
[TimeControl "40/6000+30:20/3000+30:900+30"]

1. e4 c6 2. d4 d5 3. exd5 cxd5 4. Bd3 Nf6 5. h3 g6 6. Nf3 Bf5 7. O-O Nc6 8. c3
Bg7 9. Bf4 Qb6 10. Bxf5 gxf5 11. Qb3 e6 12. Nbd2 Ne4 13. Rad1 O-O 14. Ne1 Rfc8
15. Nd3 Nxd2 16. Rxd2 Qxb3 17. axb3 Na5 18. b4 Nc4 19. Rdd1 a5 20. bxa5 Nxa5
21. Ra1 Bf8 22. g4 fxg4 23. hxg4 Nb3 24. Rxa8 Rxa8 25. Kg2 b5 26. Be3 b4 27.
cxb4 Ra4 28. Nc5 Rxb4 29. Nxb3 Rxb3 30. Rc1 Rxb2 31. Rc8 Kg7 0-1

[Event "Bundesliga-Tegel"]
[Site "Berlin-Tegel/Germany"]
[Date "2009.12.12"]
[Round "5"]
[White "Schebler"]
[Black "Jahnz"]
[Result "1-0"]
[ECO "A11"]
[WhiteElo "2486"]
[BlackElo "2184"]
[Annotator "Robot 4"]
[PlyCount "103"]
[EventDate "2009.??.??"]
[WhiteTeam "MUL"]
[BlackTeam "TEG"]
[TimeControl "40/6000+30:20/3000+30:900+30"]

1. Nf3 d5 2. g3 Bg4 3. Bg2 Nd7 4. c4 e6 5. cxd5 exd5 6. O-O Ngf6 7. d3 Bc5 8.
Nc3 c6 9. Qc2 O-O 10. e4 dxe4 11. dxe4 Re8 12. Bf4 Bxf3 13. Bxf3 Ne5 14. Bg2
Qe7 15. Rad1 Rad8 16. h3 Ng6 17. Bc1 Rxd1 18. Rxd1 Rd8 19. Rxd8+ Qxd8 20. Qd2
Qxd2 21. Bxd2 Ne5 22. Kf1 Nd3 23. Nd1 Bd4 24. b3 Nc5 25. Bc3 Bxc3 26. Nxc3 a5
27. Ke2 Kf8 28. Ke3 Ke7 29. f4 Nfd7 30. g4 f6 31. h4 Kd6 32. g5 b5 33. Bh3 Ne6
34. Bxe6 Kxe6 35. Ne2 c5 36. Nc3 b4 37. Na4 Kd6 38. Nb2 Nb6 39. gxf6 gxf6 40.
Kd3 Ke6 41. Nc4 Nc8 42. Nxa5 Nd6 43. Nc4 Nb5 44. Ne3 Nd6 45. h5 Kd7 46. Ng4 Ne8
47. h6 Ke6 48. e5 fxe5 49. fxe5 Kf5 50. Nf6 Nc7 51. Nxh7 Kg6 52. Nf6 1-0

[Event "Bundesliga-Tegel"]
[Site "Berlin-Tegel/Germany"]
[Date "2009.12.12"]
[Round "5"]
[White "Von Herman"]
[Black "Levin"]
[Result "0-1"]
[ECO "D39"]
[WhiteElo "2424"]
[BlackElo "2481"]
[Annotator "Robot 4"]
[PlyCount "99"]
[EventDate "2009.??.??"]
[WhiteTeam "TEG"]
[BlackTeam "MUL"]
[TimeControl "40/6000+30:20/3000+30:900+30"]

1. d4 d5 2. c4 dxc4 3. Nf3 Nf6 4. Nc3 e6 5. e4 Bb4 6. Bg5 c5 7. e5 cxd4 8. Nxd4
Bxc3+ 9. bxc3 Qa5 10. exf6 Qxg5 11. fxg7 Qxg7 12. Qd2 O-O 13. Bxc4 Rd8 14. Qe3
Nd7 15. O-O Ne5 16. Be2 b6 17. f4 Bb7 18. Rf2 Nc6 19. Bf3 Nxd4 20. Bxb7 Nf5 21.
Qh3 Rab8 22. Be4 Rbc8 23. Bxf5 exf5 24. Rf3 Qf6 25. Re1 Rc5 26. Qg3+ Kf8 27. h3
Rdc8 28. Ree3 h6 29. Kh2 Rd5 30. Qe1 Rcd8 31. Qc1 a5 32. Qa3+ Qd6 33. Qb2 Rd2
34. Qb5 Qc5 35. Qb3 Re8 36. Rxe8+ Kxe8 37. Qb1 Qd5 38. Qe1+ Kf8 39. Qg3 Rxa2
40. Re3 Rc2 41. Re5 Qc6 42. Rxf5 a4 43. c4 Rxc4 44. Qa3+ Kg7 45. Qg3+ Kf8 46.
Qa3+ Kg8 47. Qe7 Qe6 48. Qd8+ Kg7 49. Qd3 Re4 50. Rd5 0-1

[Event "Bundesliga-Tegel"]
[Site "Berlin-Tegel/Germany"]
[Date "2009.12.12"]
[Round "5"]
[White "Kachibadze"]
[Black "Litwak"]
[Result "1-0"]
[ECO "B45"]
[WhiteElo "2239"]
[BlackElo "2290"]
[Annotator "Robot 4"]
[PlyCount "42"]
[EventDate "2009.??.??"]
[WhiteTeam "TEG"]
[BlackTeam "MUL"]
[TimeControl "40/6000+30:20/3000+30:900+30"]

1. e4 c5 2. Nf3 e6 3. d4 cxd4 4. Nxd4 Nc6 5. Nc3 Nf6 6. Ndb5 Bb4 7. e5 Nxe5 8.
Bf4 d6 9. a3 Bxc3+ 10. Nxc3 O-O 11. Qd2 Nd5 12. Nxd5 exd5 13. Be2 Be6 14. O-O
Rc8 15. Rac1 Nc4 16. Qd4 Qf6 17. Qxf6 gxf6 18. b3 Ne5 19. Be3 Nc6 20. Rfd1 d4
21. Bh6 Rfe8 1-0

[Event "Bundesliga-Tegel"]
[Site "Berlin-Tegel/Germany"]
[Date "2009.12.12"]
[Round "5"]
[White "Chuchelov"]
[Black "Lauber"]
[Result "0-1"]
[ECO "D36"]
[WhiteElo "2598"]
[BlackElo "2517"]
[Annotator "Robot 4"]
[PlyCount "132"]
[EventDate "2009.??.??"]
[WhiteTeam "KAT"]
[BlackTeam "SFB"]
[TimeControl "40/6000+30:20/3000+30:900+30"]

1. c4 e6 2. Nc3 d5 3. d4 Nf6 4. cxd5 exd5 5. Bg5 Be7 6. e3 c6 7. Qc2 Nbd7 8.
Bd3 Nh5 9. Bxe7 Qxe7 10. Nge2 g6 11. O-O-O Nb6 12. h3 Bd7 13. Kb1 O-O-O 14. Na4
Nxa4 15. Qxa4 Kb8 16. Nc3 Ng7 17. Ka1 Nh5 18. Kb1 Ng7 19. Ka1 Bf5 20. Be2 h5
21. Rhe1 Qh4 22. f3 Rhe8 23. Bf1 Bc8 24. e4 dxe4 25. fxe4 f5 26. e5 Ne6 27. Ne2
Qf2 28. Qb4 Rd5 29. Rd3 c5 30. Qd2 Nxd4 31. Rd1 Rdxe5 32. Nxd4 Qxd2 33. R3xd2
cxd4 34. Rxd4 Re1 35. Kb1 Rxd1+ 36. Rxd1 f4 37. Bd3 g5 38. h4 gxh4 39. Rf1 Re3
40. Kc2 Rg3 41. Be4 Rg4 42. Kd2 Bd7 43. Bf3 Rg3 44. Be4 Bc6 45. Bxc6 bxc6 46.
Rxf4 Rxg2+ 47. Kc3 Rg3+ 48. Kd2 h3 49. Rh4 Kc7 50. Rxh5 Kd6 51. b3 Rg2+ 52. Kd3
h2 53. a4 Ke6 54. b4 Kf6 55. b5 cxb5 56. axb5 Kg6 57. Rh8 Kf5 58. Ke3 Rb2 59.
Rh4 Kg5 60. Rh7 Kg4 61. Rg7+ Kh3 62. Rh7+ Kg2 63. Rg7+ Kf1 64. Rf7+ Kg1 65.
Rg7+ Rg2 66. Rxa7 Rg5 0-1

[Event "Bundesliga-Tegel"]
[Site "Berlin-Tegel/Germany"]
[Date "2009.12.12"]
[Round "5"]
[White "Polzin"]
[Black "Firman"]
[Result "1-0"]
[ECO "C10"]
[WhiteElo "2491"]
[BlackElo "2571"]
[Annotator "Robot 4"]
[PlyCount "73"]
[EventDate "2009.??.??"]
[WhiteTeam "SFB"]
[BlackTeam "KAT"]
[TimeControl "40/6000+30:20/3000+30:900+30"]

1. e4 e6 2. d4 d5 3. Nc3 a6 4. Be3 Bb4 5. exd5 exd5 6. Bd3 Ne7 7. Nf3 Bg4 8. a3
Bxc3+ 9. bxc3 Nbc6 10. Rb1 Qc8 11. h3 Bh5 12. c4 dxc4 13. Bxc4 O-O 14. O-O Nf5
15. g4 Nd6 16. Be2 Bg6 17. d5 Ne7 18. Rb4 Ne4 19. c4 Re8 20. Rb3 h5 21. Nh4
hxg4 22. hxg4 Bh7 23. Bd4 b5 24. Ba1 f6 25. Re3 Nd6 26. c5 Ne4 27. d6 cxd6 28.
cxd6 Qc5 29. dxe7 Rxe7 30. Qd4 g5 31. Ng2 Rc8 32. Bf3 f5 33. Rfe1 fxg4 34. Bxe4
Bxe4 35. Rxe4 Rxe4 36. Rxe4 Qc1+ 37. Ne1 1-0

[Event "Bundesliga-Tegel"]
[Site "Berlin-Tegel/Germany"]
[Date "2009.12.12"]
[Round "5"]
[White "Bischoff"]
[Black "Krämer"]
[Result "0-1"]
[ECO "E12"]
[WhiteElo "2561"]
[BlackElo "2482"]
[Annotator "Robot 4"]
[PlyCount "40"]
[EventDate "2009.??.??"]
[WhiteTeam "KAT"]
[BlackTeam "SFB"]
[TimeControl "40/6000+30:20/3000+30:900+30"]

1. c4 Nf6 2. Nc3 e6 3. Nf3 b6 4. d4 Bb7 5. a3 d5 6. Bg5 Be7 7. Qa4+ Qd7 8. Qc2
O-O 9. Rd1 dxc4 10. e4 b5 11. g3 Na6 12. Bh3 b4 13. Ne5 Qe8 14. axb4 Nxb4 15.
Qe2 Nxe4 16. Bxe7 Nxc3 17. bxc3 Nd3+ 18. Nxd3 cxd3 19. Qb2 Bxh1 20. Qa3 Qc6 0-1

[Event "Bundesliga-Tegel"]
[Site "Berlin-Tegel/Germany"]
[Date "2009.12.12"]
[Round "5"]
[White "Schneider"]
[Black "Glek"]
[Result "1-0"]
[ECO "A45"]
[WhiteElo "2500"]
[BlackElo "2537"]
[Annotator "Robot 4"]
[PlyCount "48"]
[EventDate "2009.??.??"]
[WhiteTeam "SFB"]
[BlackTeam "KAT"]
[TimeControl "40/6000+30:20/3000+30:900+30"]

1. d4 Nf6 2. Bg5 c6 3. Bxf6 gxf6 4. c4 e5 5. e3 d5 6. Nc3 Be6 7. Qb3 Nd7 8. Nf3
Qa5 9. cxd5 cxd5 10. Bb5 Bb4 11. O-O e4 12. Nh4 a6 13. Bxd7+ Kxd7 14. a3 Bxc3
15. bxc3 Rab8 16. f3 Rhc8 17. Rac1 f5 18. g4 Rg8 19. Kh1 fxg4 20. fxe4 g3 21.
Ng2 gxh2 22. Nf4 dxe4 23. c4 Qg5 24. Qa4+ Kc8 1-0

[Event "Bundesliga-Tegel"]
[Site "Berlin-Tegel/Germany"]
[Date "2009.12.12"]
[Round "5"]
[White "Zaragatski"]
[Black "Berndt"]
[Result "1/2-1/2"]
[ECO "B70"]
[WhiteElo "2475"]
[BlackElo "2442"]
[Annotator "Robot 4"]
[PlyCount "52"]
[EventDate "2009.??.??"]
[WhiteTeam "KAT"]
[BlackTeam "SFB"]
[TimeControl "40/6000+30:20/3000+30:900+30"]

1. e4 c5 2. Nf3 d6 3. d4 cxd4 4. Nxd4 Nf6 5. Nc3 g6 6. Bc4 Bg7 7. O-O O-O 8.
Re1 Nc6 9. Nb3 b6 10. Nd5 Bb7 11. Bg5 e6 12. Nxf6+ Bxf6 13. Bxf6 Qxf6 14. c3
Rfd8 15. Qe2 a6 16. Qe3 b5 17. Bf1 Rab8 18. a3 Ba8 19. Rad1 Qe7 20. Rd2 Ne5 21.
Nd4 Qc7 22. h4 Qc5 23. h5 Ng4 24. Qh3 Qxh5 25. Qxh5 gxh5 26. f3 Ne5 1/2-1/2

[Event "Bundesliga-Tegel"]
[Site "Berlin-Tegel/Germany"]
[Date "2009.12.12"]
[Round "5"]
[White "Siebrecht"]
[Black "Thiede"]
[Result "0-1"]
[ECO "B06"]
[WhiteElo "2456"]
[BlackElo "2450"]
[Annotator "Robot 4"]
[PlyCount "110"]
[EventDate "2009.??.??"]
[WhiteTeam "KAT"]
[BlackTeam "SFB"]
[TimeControl "40/6000+30:20/3000+30:900+30"]

1. e4 g6 2. d4 Bg7 3. Nc3 d6 4. Be3 a6 5. Qd2 b5 6. h4 h6 7. f3 Bb7 8. Nh3 Nd7
9. Be2 Rc8 10. Nf2 c5 11. dxc5 Nxc5 12. Nd3 Nxd3+ 13. cxd3 d5 14. d4 dxe4 15.
Nxe4 Nf6 16. Nc5 Qb6 17. Nxb7 Qxb7 18. O-O Nd5 19. Bf2 O-O 20. Rfc1 Rfd8 21.
Rc5 Nb6 22. Rxc8 Rxc8 23. Rd1 Rd8 24. f4 Rd6 25. h5 gxh5 26. Bxh5 Qd5 27. Qe2
e6 28. b3 Qf5 29. g3 Nd5 30. Rc1 Rd8 31. Bf3 Qg6 32. Kh2 Nf6 33. Rc6 h5 34.
Rxa6 Ng4+ 35. Bxg4 hxg4 36. Qd1 Bf6 37. Kg1 Kg7 38. Rc6 Rh8 39. d5 Qh5 40. Kf1
Rd8 41. Rc5 exd5 42. Rxb5 Qh1+ 43. Bg1 Qh3+ 44. Kf2 d4 45. Qd3 Rc8 46. Rg5+
Bxg5 47. fxg5 Kg8 48. Qxd4 Rc2+ 49. Ke1 Qxg3+ 50. Kd1 Rc6 51. Qd8+ Kh7 52. g6+
Rxg6 53. Bd4 Qd3+ 54. Kc1 Rc6+ 55. Kb2 Qd2+ 0-1

[Event "Bundesliga-Tegel"]
[Site "Berlin-Tegel/Germany"]
[Date "2009.12.12"]
[Round "5"]
[White "Agopov"]
[Black "Thesing"]
[Result "1-0"]
[ECO "B43"]
[WhiteElo "2452"]
[BlackElo "2419"]
[Annotator "Robot 4"]
[PlyCount "51"]
[EventDate "2009.??.??"]
[WhiteTeam "SFB"]
[BlackTeam "KAT"]
[TimeControl "40/6000+30:20/3000+30:900+30"]

1. e4 c5 2. Nf3 e6 3. d4 cxd4 4. Nxd4 a6 5. Bd3 Nf6 6. O-O Qc7 7. Nc3 Nc6 8.
Nxc6 dxc6 9. f4 e5 10. Kh1 Bd6 11. f5 h5 12. Bg5 Bc5 13. Na4 Ba7 14. b4 Qe7 15.
Qd2 b5 16. Nc5 Bxc5 17. bxc5 Qxc5 18. c4 b4 19. a3 bxa3 20. Be3 Qe7 21. Qa5 Ng4
22. Bc5 Qh4 23. h3 Bxf5 24. Rxf5 Qg3 25. hxg4 hxg4+ 26. Kg1 1-0

[Event "Bundesliga-Tegel"]
[Site "Berlin-Tegel/Germany"]
[Date "2009.12.12"]
[Round "5"]
[White "Thinius"]
[Black "Rosen"]
[Result "1/2-1/2"]
[ECO "A35"]
[WhiteElo "2375"]
[BlackElo "2355"]
[Annotator "Robot 4"]
[PlyCount "97"]
[EventDate "2009.??.??"]
[WhiteTeam "SFB"]
[BlackTeam "KAT"]
[TimeControl "40/6000+30:20/3000+30:900+30"]

1. c4 c5 2. Nf3 Nc6 3. Nc3 g6 4. e3 d6 5. d4 Bg4 6. Be2 Bg7 7. O-O Nf6 8. h3
Bxf3 9. Bxf3 O-O 10. dxc5 dxc5 11. Bxc6 bxc6 12. Qc2 Qd6 13. b3 Rfd8 14. Rd1
Qe5 15. Bb2 Ne4 16. Nxe4 Qxb2 17. Qxb2 Bxb2 18. Rab1 Ba3 19. Kf1 h6 20. f4 Kf8
21. Ke2 Ke8 22. g4 a5 23. f5 Bb4 24. Rxd8+ Kxd8 25. a4 Ke8 26. h4 gxf5 27. gxf5
Rd8 28. Rg1 Kf8 29. h5 Rd7 30. Rd1 Rxd1 31. Kxd1 Kg7 32. Ke2 f6 33. Nf2 Kf7 34.
Kf3 Bd2 35. Nd3 Bb4 36. Nf2 Bd2 37. Ng4 Kg7 38. Ke4 Bb4 39. Kd3 Be1 40. Ke2 Bb4
41. Nf2 Kf7 42. Nd3 e6 43. Kf3 e5 44. Ke4 Ba3 45. Nf2 Bc1 46. Kd3 Ba3 47. Ke4
Bc1 48. Nd3 Ba3 49. Nf2 1/2-1/2